AA - U28
ROCKET CITY TRASH PANDAS @ ALEXANDRIA ACES
06/06/2052
 
TOP OF THE 1ST
Tennessee Smokies batting - Pitching for Rocket City Trash Pandas : LHP Elijah Leisch
Pitching: LHP Elijah Leisch
Batting: RHB Ronald Blanco 0-0: Ball
1-0: Bunt missed!
1-1: Ball
2-1: Swinging Strike
2-2: Ball
3-2: SINGLE (Groundball, 6, EV 97.5 MPH) (infield hit)
Batting: SHB Francisco Castillo 0-0: Sac Bunt to 15S - play at first, batter OUT! 1-3
Ronald Blanco to second
Batting: LHB Marco Valle 0-0: Ball
1-0: Called Strike
1-1: Ball
2-1: Called Strike
2-2: Ball
3-2: Foul Ball, location: 2F
3-2: Foul Ball, location: 9LSF
3-2: Base on Balls
Batting: LHB Ken Skok 0-0: Called Strike
0-1: Ball
1-1: Ball
2-1: Called Strike
2-2: 3-RUN HOME RUN (Flyball, 9D, EV 98.8 MPH), Distance : 392 ft
Batting: RHB Garcia Mateo 0-0: Ball
1-0: Ball
2-0: Called Strike
2-1: Foul Ball, location: 23F
2-2: Ground out 1-3 (Groundball, 13, EV 73.1 MPH)
Batting: RHB Derek Dauber 0-0: Ball
1-0: Called Strike
1-1: Ball
2-1: Called Strike
2-2: Ball
3-2: Foul Ball, location: 3SF
3-2: Base on Balls
Batting: LHB Scott Lanahan 0-0: Foul Ball, location: 5FF
0-1: Ball
1-1: Swinging Strike
1-2: Fly out, F9 (Flyball, 89S, EV 87.5 MPH)
Top of the 1st over - 3 runs, 2 hits, 0 errors, 1 left on base; Tennessee 3 - Rocket City 0
BOTTOM OF THE 1ST
Rocket City Trash Pandas batting - Pitching for Tennessee Smokies : RHP Michael Haynes
Pitching: RHP Michael Haynes
Batting: RHB Anderson Burney 0-0: Ball
1-0: Ball
2-0: Ball
3-0: Called Strike
3-1: Called Strike
3-2: Base on Balls
Batting: RHB Leandro Gonzales 0-0: SINGLE (Line Drive, 4MD, EV 101.3 MPH)
Anderson Burney to second
Batting: LHB Jeuyson Palomino 0-0: Ball
1-0: Ball
2-0: Ball
3-0: Called Strike
3-1: Base on Balls
Anderson Burney to third
Leandro Gonzales to second
Batting: RHB Otis Keller 0-0: DOUBLE (Flyball, 89XD, EV 104.4 MPH)
Anderson Burney scores
Leandro Gonzales scores
Jeuyson Palomino to third
Batting: LHB Melchor Poblano 0-0: Ball
1-0: Ball
2-0: Fly out, F7 (Line Drive, 78M, EV 92.5 MPH)
Batting: LHB Dog Owens 0-0: Called Strike
0-1: Swinging Strike
0-2: Ground out 4-3 (Groundball, 4S, EV 82.5 MPH)
Jeuyson Palomino scores
Otis Keller to third
Batting: RHB Santino Zunego 0-0: Called Strike
0-1: Ball
1-1: Called Strike
1-2: Strikes out swinging
Bottom of the 1st over - 3 runs, 2 hits, 0 errors, 1 left on base; Tennessee 3 - Rocket City 3
TOP OF THE 2ND
Tennessee Smokies batting - Pitching for Rocket City Trash Pandas : LHP Elijah Leisch
Batting: RHB Chris Wright 0-0: Ball
1-0: SOLO HOME RUN (Flyball, 7LD, EV 96.9 MPH), Distance : 342 ft
Batting: SHB Aidan Blankenship 0-0: Ground out 6-3 (Groundball, 6, EV 110.6 MPH)
Batting: RHB Ronald Blanco 0-0: Fly out, F7 (Line Drive, 7S, EV 105.0 MPH)
Batting: SHB Francisco Castillo 0-0: Ball
1-0: Ground out 1-3 (Groundball, P, EV 68.8 MPH)
Top of the 2nd over - 1 run, 1 hit, 0 errors, 0 left on base; Tennessee 4 - Rocket City 3
BOTTOM OF THE 2ND
Rocket City Trash Pandas batting - Pitching for Tennessee Smokies : RHP Michael Haynes
Batting: RHB Matt Mechler 0-0: Ball
1-0: Called Strike
1-1: Ball
2-1: Foul Ball, location: 25F
2-2: Foul Ball, location: 2F
2-2: Strikes out swinging
Batting: RHB Tony Malone 0-0: Called Strike
0-1: Called Strike
0-2: Ball
1-2: Foul Ball, location: 9LDF
1-2: Foul Ball, location: 2F
1-2: Foul Ball, location: 9LMF
1-2: Ball
2-2: Ball
3-2: Base on Balls
Batting: RHB Anderson Burney 0-0: Swinging Strike
0-1: Ball
1-1: Swinging Strike
1-2: Foul Ball, location: 23F
1-2: Foul Ball, location: 5F
1-2: Strikes out swinging
Batting: RHB Leandro Gonzales 0-0: Called Strike
0-1: Fly out, F8 (Flyball, 8RM, EV 96.3 MPH)
Bottom of the 2nd over - 0 runs, 0 hits, 0 errors, 1 left on base; Tennessee 4 - Rocket City 3
TOP OF THE 3RD
Tennessee Smokies batting - Pitching for Rocket City Trash Pandas : LHP Elijah Leisch
Batting: LHB Marco Valle 0-0: Foul Ball, location: 3FF
0-1: Called Strike
0-2: Strikes out swinging
Batting: LHB Ken Skok 0-0: Ball
1-0: Fly out, F7 (Flyball, 7D, EV 93.8 MPH)
Batting: RHB Garcia Mateo 0-0: Foul Ball, location: 2RF
0-1: Foul Ball, location: 2F
0-2: Strikes out swinging
Top of the 3rd over - 0 runs, 0 hits, 0 errors, 0 left on base; Tennessee 4 - Rocket City 3
BOTTOM OF THE 3RD
Rocket City Trash Pandas batting - Pitching for Tennessee Smokies : RHP Michael Haynes
Batting: LHB Jeuyson Palomino 0-0: Ball
1-0: Ball
2-0: Called Strike
2-1: Ground out 4-3 (Groundball, 34D, EV 101.3 MPH)
Batting: RHB Otis Keller 0-0: Ball
1-0: Ball
2-0: Foul Ball, location: 5DF
2-1: SINGLE (Line Drive, 9LS, EV 91.9 MPH)
Batting: LHB Melchor Poblano 0-0: Ball
1-0: Called Strike
1-1: Called Strike
1-2: Ball
2-2: Foul Ball, location: 2F
2-2: Ball
3-2: Foul Ball, location: 2F
3-2: Grounds out, U3 (Groundball, 3L, EV 90.0 MPH)
Batting: LHB Dog Owens 0-0: Ball
1-0: Ball
2-0: Ball
3-0: Base on Balls
Batting: RHB Santino Zunego 0-0: Ball
1-0: Called Strike
1-1: Called Strike
1-2: Ball
2-2: Foul Ball, location: 2F
2-2: Reached on error, E4 (Groundball, 4S, EV 81.9 MPH)
Otis Keller to third
Dog Owens to second
Batting: RHB Matt Mechler 0-0: Called Strike
0-1: Called Strike
0-2: Ball
1-2: Foul Ball, location: 23F
1-2: Ball
2-2: Ball
3-2: Strikes out swinging
Bottom of the 3rd over - 0 runs, 1 hit, 1 error, 3 left on base; Tennessee 4 - Rocket City 3
TOP OF THE 4TH
Tennessee Smokies batting - Pitching for Rocket City Trash Pandas : LHP Elijah Leisch
Batting: RHB Derek Dauber 0-0: Foul Ball, location: 2F
0-1: Swinging Strike
0-2: Ball
1-2: Strikes out looking
Batting: LHB Scott Lanahan 0-0: Ball
1-0: Ground out U3 (Groundball, 3, EV 92.5 MPH)
Batting: RHB Chris Wright 0-0: Ball
1-0: Foul Ball, location: 9LMF
1-1: Fly out, F9 (Flyball, 89D, EV 106.9 MPH)
Top of the 4th over - 0 runs, 0 hits, 0 errors, 0 left on base; Tennessee 4 - Rocket City 3
BOTTOM OF THE 4TH
Rocket City Trash Pandas batting - Pitching for Tennessee Smokies : RHP Michael Haynes
Batting: RHB Tony Malone 0-0: Ball
1-0: Foul Ball, location: 2F
1-1: Foul Ball, location: 2F
1-2: Fly out, F5 (Popup, 6S, EV 64.4 MPH)
Batting: RHB Anderson Burney 0-0: Fly out, F7 (Flyball, 78S, EV 88.1 MPH)
Batting: RHB Leandro Gonzales 0-0: SINGLE (Groundball, 56S, EV 63.1 MPH) (infield hit)
Batting: LHB Jeuyson Palomino 0-0: Called Strike
Leandro Gonzales steals 2nd base
0-1: Ball
1-1: Ball
2-1: 2-RUN HOME RUN (Flyball, 8RXD, EV 108.8 MPH), Distance : 436 ft
Pitching: RHP Kevin Thornton
Batting: RHB Otis Keller 0-0: Ball
1-0: Foul Ball, location: 23FF
1-1: Ball
2-1: Ground out 6-3 (Groundball, 6, EV 86.9 MPH)
Bottom of the 4th over - 2 runs, 2 hits, 0 errors, 0 left on base; Tennessee 4 - Rocket City 5
TOP OF THE 5TH
Tennessee Smokies batting - Pitching for Rocket City Trash Pandas : LHP Elijah Leisch
Batting: SHB Aidan Blankenship 0-0: Ball
1-0: Called Strike
1-1: Ball
2-1: Ball
3-1: Ground out 6-3 (Groundball, P, EV 110.0 MPH)
Batting: RHB Ronald Blanco 0-0: Called Strike
0-1: Ball
1-1: Foul Ball, location: 9LDF
1-2: Ball
2-2: Strikes out swinging, 2-3 out at first.
Batting: SHB Francisco Castillo 0-0: Hit by Pitch
Batting: LHB Marco Valle 0-0: Called Strike
Francisco Castillo is caught stealing 2nd base 2-6
Top of the 5th over - 0 runs, 0 hits, 0 errors, 0 left on base; Tennessee 4 - Rocket City 5
BOTTOM OF THE 5TH
Rocket City Trash Pandas batting - Pitching for Tennessee Smokies : RHP Kevin Thornton
Batting: LHB Melchor Poblano 0-0: Ball
1-0: Swinging Strike
1-1: Foul Ball, location: 2F
1-2: Ground out U3 (Groundball, 3, EV 106.3 MPH)
Batting: LHB Dog Owens 0-0: Ball
1-0: Swinging Strike
1-1: Swinging Strike
1-2: Ball
2-2: Strikes out swinging
Batting: RHB Santino Zunego 0-0: Called Strike
0-1: Ball
1-1: Swinging Strike
1-2: Ball
2-2: Ball
3-2: Ground out 6-3 (Groundball, P, EV 88.8 MPH)
Bottom of the 5th over - 0 runs, 0 hits, 0 errors, 0 left on base; Tennessee 4 - Rocket City 5
TOP OF THE 6TH
Tennessee Smokies batting - Pitching for Rocket City Trash Pandas : LHP Elijah Leisch
Batting: LHB Marco Valle 0-0: Ball
1-0: SINGLE (Groundball, 4S, EV 77.5 MPH) (infield hit)
Batting: LHB Ken Skok 0-0: Foul Ball, location: 7LSF
0-1: Swinging Strike
0-2: Foul Ball, location: 3F
0-2: Foul Ball, location: 25F
0-2: Ball
1-2: Ball
2-2: SINGLE (Line Drive, 3D, EV 105.6 MPH)
Marco Valle to second
Batting: RHB Garcia Mateo 0-0: Ball
1-0: Fly out, F7 (Flyball, 7, EV 75.6 MPH)
Batting: RHB Derek Dauber 0-0: Ball
1-0: Ball
2-0: Called Strike
2-1: Ball
3-1: Base on Balls
Marco Valle to third
Ken Skok to second
Pitching: LHP Riley Hall
Pinch Hitting: RHB Fraser Erickson 0-0: Fly out, F9 (Flyball, 9, EV 79.4 MPH)
Batting: RHB Chris Wright 0-0: Ball
1-0: Fly out, F7 (Flyball, 7S, EV 91.3 MPH)
Top of the 6th over - 0 runs, 2 hits, 0 errors, 3 left on base; Tennessee 4 - Rocket City 5
BOTTOM OF THE 6TH
Rocket City Trash Pandas batting - Pitching for Tennessee Smokies : RHP Kevin Thornton
Now at 2B: Fraser Erickson
Batting: RHB Matt Mechler 0-0: Called Strike
0-1: Ball
1-1: Swinging Strike
1-2: Foul Ball, location: 5DF
1-2: Strikes out looking
Batting: RHB Tony Malone 0-0: Called Strike
0-1: Ball
1-1: Fly out, F6 (Popup, 6M, EV 70.6 MPH)
Batting: RHB Anderson Burney 0-0: Ball
1-0: Ball
2-0: Ball
3-0: Called Strike
3-1: Base on Balls
Batting: RHB Leandro Gonzales 0-0: Foul Ball, location: 25FF
0-1: SINGLE (Flyball, 3D, EV 96.3 MPH)
Anderson Burney to second
Runner from 2nd tries for 3rd, OUT! 9-5
Bottom of the 6th over - 0 runs, 1 hit, 0 errors, 1 left on base; Tennessee 4 - Rocket City 5
TOP OF THE 7TH
Tennessee Smokies batting - Pitching for Rocket City Trash Pandas : LHP Riley Hall
Batting: SHB Aidan Blankenship 0-0: Called Strike
0-1: Foul Ball, location: 5FF
0-2: Fly out, F8 (Flyball, 8RM, EV 90.0 MPH)
Batting: RHB Ronald Blanco 0-0: Ball
1-0: Fly out, F8 (Flyball, 78D, EV 88.8 MPH)
Batting: SHB Francisco Castillo 0-0: Ball
1-0: SINGLE (Groundball, 6MD, EV 104.4 MPH)
Batting: LHB Marco Valle 0-0: Called Strike
0-1: Foul Ball, location: 23F
0-2: Foul Ball, location: 2F
0-2: Strikes out swinging
Top of the 7th over - 0 runs, 1 hit, 0 errors, 1 left on base; Tennessee 4 - Rocket City 5
BOTTOM OF THE 7TH
Rocket City Trash Pandas batting - Pitching for Tennessee Smokies : RHP Kevin Thornton
Batting: LHB Jeuyson Palomino 0-0: Ball
1-0: SINGLE (Line Drive, 6D, EV 93.8 MPH)
Batting: RHB Otis Keller 0-0: Called Strike
0-1: Ball
1-1: Ball
2-1: Called Strike
2-2: Foul Ball, location: 5F
2-2: Foul Ball, location: 9LMF
2-2: Ball
3-2: Base on Balls
Jeuyson Palomino to second
Pitching: RHP Constantin Botello
Batting: LHB Melchor Poblano 0-0: Called Strike
0-1: Ball
1-1: Ball
2-1: SINGLE (Groundball, 3D, EV 103.8 MPH)
Jeuyson Palomino to third
Otis Keller to second
Batting: LHB Dog Owens 0-0: Ball
1-0: Ball
2-0: Swinging Strike
2-1: Grounds into double play, 6-2-3 (Groundball, 6S, EV 80.0 MPH)
Otis Keller to third
Melchor Poblano to second
Batting: RHB Santino Zunego 0-0: Called Strike
0-1: Ball
1-1: Foul Ball, location: 5FF
1-2: Ball
2-2: Ball
3-2: Foul Ball, location: 23F
3-2: Foul Ball, location: 5SF
3-2: Base on Balls
Batting: RHB Matt Mechler 0-0: Foul Ball, location: 5F
0-1: Ground out 4-3 (Groundball, 4, EV 88.1 MPH)
Bottom of the 7th over - 0 runs, 2 hits, 0 errors, 3 left on base; Tennessee 4 - Rocket City 5
TOP OF THE 8TH
Tennessee Smokies batting - Pitching for Rocket City Trash Pandas : LHP Riley Hall
Batting: LHB Ken Skok 0-0: Called Strike
0-1: Ball
1-1: Swinging Strike
1-2: SINGLE (Line Drive, 8RS, EV 85.6 MPH)
Batting: RHB Garcia Mateo 0-0: Ball
1-0: Fly out, F8 (Flyball, 8LXD, EV 110.0 MPH)
Batting: RHB Derek Dauber 0-0: Ball
1-0: Ball
2-0: Bunted foul
2-1: Sac Bunt to 25 - play at first, batter OUT! 5-3
Ken Skok to second
Batting: RHB Fraser Erickson 0-0: Ball
1-0: Ball
2-0: Called Strike
2-1: Ball
3-1: Base on Balls
Batting: RHB Chris Wright 0-0: Called Strike
0-1: Fly out, F8 (Line Drive, 8LM, EV 90.6 MPH)
Top of the 8th over - 0 runs, 1 hit, 0 errors, 2 left on base; Tennessee 4 - Rocket City 5
BOTTOM OF THE 8TH
Rocket City Trash Pandas batting - Pitching for Tennessee Smokies : RHP Constantin Botello
Batting: RHB Tony Malone 0-0: Ball
1-0: Foul Ball, location: 3FF
1-1: Swinging Strike
1-2: Ball
2-2: Foul Ball, location: 7LSF
2-2: Foul Ball, location: 9LSF
2-2: Foul Ball, location: 5DF
2-2: DOUBLE (Line Drive, 9LM, EV 110.6 MPH)
Batting: RHB Anderson Burney 0-0: Ground out 5-3 (Groundball, 56S, EV 86.3 MPH)
Batting: RHB Leandro Gonzales 0-0: Called Strike
0-1: Fly out, F9 (Flyball, 89S, EV 69.4 MPH)
Batting: LHB Jeuyson Palomino 0-0: Ball
1-0: Called Strike
1-1: SINGLE (Line Drive, 8RS, EV 95.6 MPH)
Tony Malone to third
Runner from 3rd tries for Home, throw by CF and OUT! 8-2
Bottom of the 8th over - 0 runs, 2 hits, 0 errors, 1 left on base; Tennessee 4 - Rocket City 5
TOP OF THE 9TH
Tennessee Smokies batting - Pitching for Rocket City Trash Pandas : LHP Riley Hall
Pitching: RHP Jonathan Kusuma
Now at 1B: Orlando Angulo
Pinch Hitting: LHB P.J. Spencer 0-0: Ground out 4-3 (Groundball, 4, EV 90.0 MPH)
Batting: RHB Ronald Blanco 0-0: Ball
1-0: Called Strike
1-1: Ball
2-1: Ball
3-1: Base on Balls
Batting: SHB Francisco Castillo 0-0: Called Strike
0-1: Fielders Choice at 2nd, 6-4 (Groundball, 6M, EV 110.6 MPH)
Batting: LHB Marco Valle 0-0: Called Strike
0-1: Ball
1-1: Ball
2-1: Ball
3-1: Fly out, F9 (Flyball, 9, EV 79.4 MPH)
Top of the 9th over - 0 runs, 0 hits, 0 errors, 1 left on base; Tennessee 4 - Rocket City 5
Wednesday, April 24th , 2024 - OOTP Baseball 24.11 Build 85